 Dungeon Sprint DCSS version 0.29-a0-1006-g0dd7720b37 (webtiles) character file.

Game seed: 4664797316381797852

3021 mhtbhm the Earth Mage (level 9, -25/46 HPs)
             Began as a Deep Elf Earth Elementalist on Aug 6, 2022.
             Was a High Priest of Vehumet.
             Killed from afar by a deep elf zephyrmancer (31 damage)
             ... with a bolt of lightning
             ... in the Dungeon (Sprint V: "Ziggurat Sprint").
             The game lasted 00:05:12 (779 turns).

mhtbhm the Earth Mage (Deep Elf Earth Elementalist)  Turns: 779, Time: 00:05:12

Health: -25/46     AC:  5    Str:  5    XL:     9   Next: 55%
Magic:  6/30       EV: 16    Int: 37    God:    Vehumet [*****.]
Gold:   0          SH:  0    Dex: 15    Spells: 21/39 levels left

rFire   + . .      SeeInvis .   t - +8 lance "Wyrmbane" {slay drac, rPois rF+ rC+ AC+3}
rCold   + . .      Faith    .   (no shield)
rNeg    . . .      Spirit   .   a - +0 robe
rPois   +          Reflect  .   (no helmet)
rElec   .          Harm     .   (no cloak)
rCorr   .          Rampage  .   (no gloves)
Will    .....      NoTele   +   (no boots)
Stlth   ++++......              v - amulet of the acrobat
HPRegen 0.15/turn               w - +6 ring of intelligence
MPRegen 0.22/turn               x - +6 ring of intelligence

@: no status effects
A: no striking features
a: Renounce Religion


You were in the Dungeon.
You worshipped Vehumet.
Vehumet was extremely pleased with you.
You visited 1 branch

Inventory:

Hand Weapons
 t - the +8 lance "Wyrmbane" (weapon) {slay drac, rPois rF+ rC+ AC+3}
   (You found it in the Dungeon)

   It inflicts extra damage against dragons and draconians.
   AC:        It affects your AC (+3).
   rF:        It protects you from fire.
   rC:        It protects you from cold.
   rPois:     It protects you from poison.
Armour
 a - a +0 robe (worn)
Jewellery
 r - the ring "Takoag" {rC+ rCorr Str-5 Dex+6}
   (You found it in the Dungeon)

   [ring of dexterity]

   Str:       It affects your strength (-5).
   Dex:       It affects your dexterity (+6).
   rC:        It protects you from cold.
   rCorr:     It protects you from acid and corrosion.
 v - an amulet of the acrobat (around neck)
 w - a +6 ring of intelligence (left hand)
 x - a +6 ring of intelligence (right hand)
 y - an amulet of guardian spirit
Wands
 q - a wand of mindburst (7)
 s - a wand of acid (7)
Scrolls
 g - 2 scrolls of blinking
 m - 4 scrolls of amnesia
 n - 7 scrolls of fog
 o - 5 scrolls of identify
 p - 2 scrolls of fear
 u - 4 scrolls of enchant weapon
Potions
 b - 8 potions of magic
 c - 10 potions of curing
 d - 8 potions of heal wounds
 e - 6 potions of haste
 f - 3 potions of berserk rage
 h - 2 potions of brilliance
 i - 2 potions of invisibility
 j - 4 potions of resistance
 k - a potion of experience
 l - 5 potions of might
Miscellaneous
 A - a lightning rod (4/4)


   Skills:
 + Level 0.8 Fighting
 + Level 8.7 Dodging
 + Level 7.8 Stealth
 + Level 15.5 Spellcasting
 + Level 4.6 Transmutations
 + Level 16.5 Earth Magic
 + Level 5.9 Evocations


You had 21 spell levels left.
You knew the following spells:

 Your Spells              Type           Power      Damage    Failure   Level
a - Sandblast             Erth           100%       2d20      0%          1
b - Passwall              Tmut/Erth      68%        N/A       1%          2
c - Stone Arrow           Conj/Erth      100%       3d13      1%          3
d - Petrify               Tmut/Erth      82%        N/A       1%          4
e - Lee's Rapid Deconstr  Erth           50%        3d25*     1%          5
f - Mephitic Cloud        Conj/Pois/Air  28%        N/A       1%          3

Your spell library contained the following spells:

 Spells                   Type           Power      Damage    Failure   Level
 Sticky Flame             Conj/Fire      28%        2d5       3%          4
 Fulminant Prism          Conj/Hex       14%        3d9       3%          4
 Iskenderun's Mystic Bla  Conj/Tloc      28%        2d7       3%          4
 Eringya's Noxious Bog    Tmut/Pois      22%        N/A       19%         6
 Summon Forest            Summ/Tloc      14%        N/A       34%         5
 Summon Hydra             Summ           14%        N/A       100%        7


Dungeon Overview and Level Annotations

Branches:
Dungeon (1/1)

Altars:
Ashenzari
Cheibriados
Dithmenos
Elyvilon
Fedhas
Gozag
Hepliaklqana
Kikubaaqudgha
Makhleb
Nemelex Xobeh
Okawaru
Qazlal
Ru
Sif Muna
Trog
Uskayaw
Vehumet
Wu Jian
Xom
Yredelemnul
Zin
The Shining One
Jiyva
Lugonu


Message History

The sticky flame misses you.
Unknown command.
Casting: Petrify (safe; 1% risk of failure)
Confirm with . or Enter, or press ? or * to list all spells.
Aiming: Petrify (safe; 1% risk of failure)
Press: ? - help, Shift-Dir - straight line, f/p - deep elf zephyrmancer
Aim: a deep elf zephyrmancer, wielding a +0 rapier (chance to affect: 68%)
Okay, then.
Casting: Petrify (safe; 1% risk of failure)
Confirm with . or Enter, or press ? or * to list all spells.
Aiming: Lee's Rapid Deconstruction (safe; 1% risk of failure)
Press: ? - help, Dir - move target, p - deep elf zephyrmancer An unnaturally hard rock wall.
Okay, then.
Casting: Lee's Rapid Deconstruction (safe; 1% risk of failure)
Confirm with . or Enter, or press ? or * to list all spells.
Aiming: Stone Arrow (safe; 1% risk of failure)
Press: ? - help, Shift-Dir - straight line, f/p - deep elf zephyrmancer
Aim: a deep elf zephyrmancer, wielding a +0 rapier (69% to hit)
The stone arrow hits the deep elf zephyrmancer!
The deep elf zephyrmancer is heavily wounded.
Unknown command.
Unknown command.
Casting: Stone Arrow (safe; 1% risk of failure)
Confirm with . or Enter, or press ? or * to list all spells.
Aiming: Lee's Rapid Deconstruction (safe; 1% risk of failure)
Press: ? - help, Dir - move target, p - deep elf zephyrmancer An unnaturally hard rock wall.
The wall shatters!
The blast of rock fragments hits the deep elf zephyrmancer!!
You kill the deep elf zephyrmancer!
Vehumet accepts your kill.
You feel your power returning.
The deep elf zephyrmancer gestures at you while chanting.
The bolt of lightning hits you!!
Ouch! That really hurt!
* * * LOW HITPOINT WARNING * * *
The bolt of lightning hits you!!
Ouch! That really hurt!
You die...

▓..):[..▓
▓..[))..▓
▓...e...▓
▓.......▓
▓...§)..▓
▓e......▓
▓.▓...▓.▓
▓@).©...▓
▓▓▓▓▓▓▓▓▓


You could see a deep elf pyromancer and a deep elf zephyrmancer.

Vanquished Creatures
  A deep elf zephyrmancer (D)
  A deep elf pyromancer (D)
  A black mamba (D)
  A naga mage (D)
  4 merfolk (D)
  A spriggan (D)
  A water elemental (D)
  A golden eye (D)
  A water moccasin (D)
  A floating eye (D)
  2 wolves (D)
  A black bear (D)
  2 phantoms (D)
  A necrophage (D)
  A jelly (D)
  An iguana (D)
  3 ball pythons (D)
  2 endoplasms (D)
  A ball python zombie (D)
27 creatures vanquished.

Notes
Turn   | Place    | Note
-------+----------+-------------------------------------------
     0 | D        | mhtbhm the Deep Elf Earth Elementalist began the quest for
                  | the Orb.
     0 | D        | Reached XP level 1. HP: 10/10 MP: 6/6
     0 | D        | Found a shimmering blue altar of Sif Muna.
     0 | D        | Found a bloodstained altar of Trog.
     0 | D        | Found a sacrificial altar of Ru.
     0 | D        | Found a stormy altar of Qazlal.
     0 | D        | Found an iron altar of Okawaru.
     1 | D        | Found a sparkling altar of Nemelex Xobeh.
     1 | D        | Found a blossoming altar of Fedhas.
     1 | D        | Found the +6 Majin-Bo {vamp, MP+6 Int+6}
     1 | D        | Found the +9 heavy crossbow "Sniper" {vorpal, Acc+∞ SInv}
     1 | D        | Found the +10 dark maul {vorpal}
     1 | D        | Found the +15 Maxwell's patent armour {-Cast -Tele rElec
                  | Will+ rCorr}
     1 | D        | Found the +18 shield of the Gong {rElec rN+ Will+ EV-5}
     1 | D        | Found the +14 obsidian axe {vorpal, Mesm Drain Fly SInv}
     1 | D        | Found the +7 great mace "Firestarter" {inner flame, rF++}
     1 | D        | Found the +6 shillelagh "Devastator" {shatter}
     1 | D        | Found the +11 plutonium sword {Contam Stlth-}
     1 | D        | Found the +8 lance "Wyrmbane" {slay drac, rPois rF+ rC+
                  | AC+3}
     1 | D        | Found the +9 sword of Zonguldrok {reap}
     1 | D        | Found the +13 scythe of Curses {drain, Drain}
     1 | D        | Found the +5 sword of Power {vorpal}
     1 | D        | Found the +7 mace of Variability {chain chaos}
     1 | D        | Found the +7 Singing Sword {vorpal, sonic wave}
     1 | D        | Found the +8 storm bow {elec, penet}
     3 | D        | Found a transporter.
     3 | D        | Found an ancient bone altar of Kikubaaqudgha.
     3 | D        | Found a viscous altar of Jiyva.
     3 | D        | Found a corrupted altar of Lugonu.
     3 | D        | Found a hazy altar of Hepliaklqana.
     3 | D        | Found a burning altar of Makhleb.
     3 | D        | Found an opulent altar of Gozag.
    53 | D        | Became a worshipper of Vehumet
    88 | D        | Entered arena 2.
    88 | D        | Noticed a wolf
    88 | D        | Noticed an iguana
    88 | D        | Found a transporter.
    90 | D        | Killed an iguana
    91 | D        | Reached skill level 5 in Earth Magic
    91 | D        | Reached XP level 2. HP: 11/15 MP: 7/9
    91 | D        | Killed a wolf
    92 | D        | Reached skill level 8 in Earth Magic
    92 | D        | Reached XP level 3. HP: 14/19 MP: 6/12
    92 | D        | Reached XP level 4. HP: 18/24 MP: 7/14
   144 | D        | Learned a level 2 spell: Passwall
   148 | D        | Learned a level 3 spell: Stone Arrow
   153 | D        | Learned a level 4 spell: Petrify
   163 | D        | Entered arena 3.
   163 | D        | Noticed a black bear
   163 | D        | Noticed a wolf
   163 | D        | Noticed a spriggan
   163 | D        | Found a transporter.
   165 | D        | Killed a spriggan
   165 | D        | Reached * piety under Vehumet
   165 | D        | Offered knowledge of Shock by Vehumet.
   165 | D        | Killed a wolf
   166 | D        | Reached skill level 5 in Stealth
   166 | D        | Reached skill level 11 in Earth Magic
   166 | D        | Reached XP level 5. HP: 28/28 MP: 15/18
   166 | D        | Reached XP level 6. HP: 32/32 MP: 15/19
   183 | D        | Learned a level 5 spell: Lee's Rapid Deconstruction
   224 | D        | Entered arena 4.
   224 | D        | Found a transporter.
   226 | D        | Reached ** piety under Vehumet
   228 | D        | Reached skill level 12 in Earth Magic
   228 | D        | Reached XP level 7. HP: 36/36 MP: 8/22
   231 | D        | Reached skill level 10 in Spellcasting
   349 | D        | Entered arena 5.
   349 | D        | Noticed a merfolk
   349 | D        | Noticed a merfolk
   349 | D        | Noticed a merfolk
   349 | D        | Noticed a merfolk
   349 | D        | Found a transporter.
   364 | D        | Killed a merfolk
   364 | D        | Offered knowledge of Scorch by Vehumet.
   364 | D        | Reached *** piety under Vehumet
   365 | D        | Reached skill level 13 in Earth Magic
   365 | D        | Killed a merfolk
   366 | D        | Reached XP level 8. HP: 17/41 MP: 13/25
   366 | D        | Killed a merfolk
   367 | D        | Reached skill level 14 in Earth Magic
   368 | D        | Killed a merfolk
   368 | D        | Reached **** piety under Vehumet
   562 | D        | Entered arena 6.
   562 | D        | Found a transporter.
   563 | D        | Offered knowledge of Mephitic Cloud by Vehumet.
   565 | D        | Reached skill level 15 in Earth Magic
   569 | D        | Reached ***** piety under Vehumet
   635 | D        | Entered arena 7.
   635 | D        | Noticed a black mamba
   635 | D        | Noticed a naga mage
   638 | D        | Reached skill level 5 in Evocations
   644 | D        | Killed a black mamba
   644 | D        | Killed a naga mage
   645 | D        | Reached skill level 16 in Earth Magic
   645 | D        | Reached XP level 9. HP: 32/46 MP: 6/29
   751 | D        | Found a transporter.
   758 | D        | Got the ring "Takoag" {rC+ rCorr Str-5 Dex+6}
   767 | D        | Learned a level 3 spell: Mephitic Cloud
   770 | D        | Entered arena 8.
   770 | D        | Noticed a deep elf zephyrmancer
   770 | D        | Noticed a deep elf knight
   770 | D        | Noticed a deep elf pyromancer
   770 | D        | Noticed a deep elf pyromancer
   770 | D        | Noticed a deep elf zephyrmancer
   773 | D        | Killed a deep elf pyromancer
   773 | D        | Offered knowledge of Sticky Flame by Vehumet.
   774 | D        | Reached skill level 15 in Spellcasting
   779 | D        | Killed a deep elf zephyrmancer
   779 | D        | Killed from afar by a deep elf zephyrmancer

Illustrated notes

Levels and vault maps discovered:
D:        sprint_v [room_start, room_1, room_2, room_3, room_4, room_5, room_6,
          room_7, room_8, room_9, room_10, room_11, room_12, room_13, room_14,
          room_15, room_16, room_17, room_18, room_19, room_20, room_21,
          room_22, room_23, room_24, room_25, room_26, room_27]

Skill      XL: |  1  2  3  4  5  6  7  8  9 |
---------------+----------------------------+-----
Dodging        | 3 4 6 7 8 |  8.7
Stealth        | 3 4 5 6 7 |  7.8
Spellcasting   | 4 6 8 9 11 14 15 | 15.5
Earth Magic    | 5 8 11 12 13 16 | 16.5
Transmutations | 2 3 4 |  4.6
Evocations     | 2 3 5 |  5.9
Fighting       | |  0.8

Action                   |  1- 3 |  4- 6 |  7- 9 || total
-------------------------+-------+-------+-------++-------
 Cast: Sandblast         |     1 |       |     1 ||     2
       Stone Arrow       |       |     2 |     4 ||     6
       Lee's Rapid Decon |       |     2 |    11 ||    13
       Petrify           |       |     1 |     6 ||     7
Evoke: Wand              |     2 |     2 |     3 ||     7
       Lightning rod     |       |       |     5 ||     5
  Use: Scroll            |       |       |     2 ||     2
       Potion            |       |       |     2 ||     2
Dodge: Dodged            |       |       |    13 ||    13

Table legend: (Time is in decaauts)
 A = Elapsed time spent in this place.
 B = Non-inter-level travel time spent in this place.
 C = Inter-level travel time spent in this place.
 D = Time resting spent in this place.
 E = Time spent auto-exploring this place.
 F = Levels seen in this place.
 G = Mean time per level.
                   A        B        C        D        E       F      G
               +--------+--------+--------+--------+--------+-----+--------+
         Total |    779 |    779 |      0 |    513 |      0 |   1 |  779.0 |
       Dungeon |    779 |    779 |      0 |    513 |      0 |   1 |  779.0 |
               +--------+--------+--------+--------+--------+-----+--------+

Top non-repeatable levels by time:
       D: 779 daAuts
